 Dungeon Crawl Stone Soup version 0.21.1-1-g345015f (webtiles) character file.

471 Iko the Covered (level 6, -7/52 HPs)
             Began as a Deep Dwarf Air Elementalist on May 9, 2018.
             Was an Initiate of Fedhas.
             Killed by the air
             ... invoked by Gastronok
              (28 damage)
             ... on level 8 of the Dungeon.
             The game lasted 00:14:39 (1139 turns).

Iko the Covered (Deep Dwarf Air Elementalist)       Turns: 1139, Time: 00:14:40

Health: -7/52      AC:  9    Str: 14    XL:     6   Next: 83%
Magic:  9/9        EV:  8    Int: 15    God:    Fedhas [......]
Gold:   75         SH:  0    Dex: 13    Spells: 9/10 levels left

rFire    . . .     SeeInvis +   a - +1 mace
rCold    . . .     Gourm    .   (no shield)
rNeg     . . .     Faith    +   i - +0 chain mail
rPois    +         Spirit   .   (helmet restricted)
rElec    .         Reflect  .   (no cloak)
rCorr    .         Harm     .   (no gloves)
MR       .....                  (no boots)
Stlth    ..........             d - amulet of faith
HPRegen  0.00/turn              (no ring)
MPRegen  0.11/turn              (no ring)

@: very slightly contaminated, non-regenerating
A: damage resistance, heal wounds, horns 1, see invisible, sense surroundings 1,
poison resistance, sturdy frame 1, no regeneration
a: Heal Wounds, Fungal Bloom, Renounce Religion


You were on level 8 of the Dungeon.
You worshipped Fedhas.
Fedhas was noncommittal.
You were very hungry.

You visited 1 branch of the dungeon, and saw 8 of its levels.

You collected 75 gold pieces.

Inventory:

Hand Weapons
 a - a +1 mace (weapon)
Armour
 i - a +0 chain mail (worn)
Jewellery
 d - an amulet of faith (around neck)
Scrolls
 e - a scroll of teleportation
 f - 2 scrolls of remove curse
 h - 2 scrolls of blinking
Potions
 g - 2 potions of lignification
 j - a potion of cancellation {unknown}
Books
 b - a book of Air

   Spells                             Type                      Level
   a - Shock                          Conjuration/Air              1
   b - Swiftness                      Charms/Air                   2
   c - Static Discharge               Conjuration/Air              3
   d - Airstrike                      Air                          4
   e - Lightning Bolt                 Conjuration/Air              5
Comestibles
 c - 4 rations


   Skills:
 + Level 2.0 Fighting
   Level 1.6 Short Blades
 + Level 1.4 Maces & Flails
 + Level 3.5 Armour
 + Level 3.5 Dodging
 + Level 2.7 Stealth
 + Level 2.5 Spellcasting
 + Level 1.8 Conjurations
 + Level 3.0 Air Magic


You had 9 spell levels left.
You knew the following spells:

 Your Spells              Type           Power        Failure   Level  Hunger
a - Shock                 Conj/Air       #...         63%         1    #......


Dungeon Overview and Level Annotations

Branches:
Dungeon (8/15)
 Temple: D:4-7         Lair: D:8-11

Altars:
Fedhas

Annotations:
D:8 Gastronok


Innate Abilities, Weirdness & Mutations

You are resistant to damage.
You can heal yourself by infusing magical energy.
You passively map a small area around you.
You do not regenerate.
You have a pair of small horns on your head.
You have supernaturally acute eyesight. (SInv)
Your system is resistant to poisons. (rPois)
Your movements are slightly less encumbered by armour. (ER -2)


Message History

Confirm with . or Enter, or press ? or * to list all spells.
Aiming: Shock
Press: ? - help, Shift-Dir - straight line, f - Gastronok
Aim: Gastronok, wearing a glowing hat You miscast Shock.
You feel momentarily weightless.
Gastronok bubbles merrily.
A hungry ghost comes into view.
Gastronok waves his eye-stalks in wide circles.
The air twists around and strikes you!
You miss the hungry ghost. The hungry ghost hits you.
You feel a lot more hungry. The hungry ghost hits you.
You are feeling hungry.
An ice beast comes into view.
You fail to use your ability.
The hungry ghost hits you.
You are feeling very hungry.
Gastronok waves his eye-stalks in wide circles.
The air twists around and strikes you!
Ouch! That really hurt!
You die...
Fedhas appreciates your contribution to the ecosystem.

,... #...# ###...... **
....#.#†# ##......#* ,
.......<#####.......#
...............#...?##
,
...........#...#.....#.
####...................
#.......#..........., ,
#..........>#....##
#....Yw..W.@.....#
..........#####.### , ,
, .##.#.##.#.# *... , ,
w..#. #.#.. ** ##.# ,
.. .. #.###. *,.. , * ,
* * ., ,, ** , ,* *


You could see Gastronok, a hungry ghost and an ice beast.

Vanquished Creatures
  Grinder (D:4)
  A scorpion (D:8)
  A crimson imp (D:8)
  A hound (D:8)
  A bullfrog zombie (D:5)
  A bullfrog skeleton (D:4)
  An iguana (D:8)
  A worker ant (D:5)
  3 adders
  An ooze (D:2)
  A worm (D:4)
  2 dart slugs
  2 leopard geckos (D:5)
  An orc (D:5)
  A ball python (D:5)
  5 goblins
  2 hobgoblins
  3 jackals
  A kobold (D:2)
  3 bats
  A frilled lizard (D:1)
  A giant cockroach zombie (D:5)
  A jackal zombie (D:5)
  A leopard gecko skeleton (D:7)
  A rat (D:2)
38 creatures vanquished.

Notes
Turn   | Place    | Note
-------+----------+-------------------------------------------
     0 | D:1      | Iko the Deep Dwarf Air Elementalist began the quest for the Orb.
     0 | D:1      | Reached XP level 1. HP: 15/15 MP: 3/3
   200 | D:1      | Gained mutation: You have a pair of small horns on your head. [potion of mutation]
   200 | D:1      | Gained mutation: You have supernaturally acute eyesight. (SInv) [potion of mutation]
   200 | D:1      | Gained mutation: Your movements are slightly less encumbered by armour. (ER -2) [potion of mutation]
   200 | D:1      | Gained mutation: Your system is resistant to poisons. (rPois) [potion of mutation]
   275 | D:1      | Learned a level 1 spell: Shock
   304 | D:1      | Reached XP level 2. HP: 22/22 MP: 4/4
   379 | D:2      | Reached XP level 3. HP: 25/30 MP: 5/5
   454 | D:2      | Reached skill level 1 in Armour
   657 | D:4      | Noticed Grinder
   697 | D:4      | Paralysed by Grinder for 7 turns
   707 | D:4      | HP: 1/30 [Grinder (3)]
   711 | D:4      | Killed Grinder
   711 | D:4      | Reached skill level 1 in Fighting
   711 | D:4      | Reached skill level 1 in Short Blades
   711 | D:4      | Reached skill level 1 in Conjurations
   711 | D:4      | Reached XP level 4. HP: 2/38 MP: 1/7
   711 | D:4      | Reached XP level 5. HP: 2/44 MP: 1/8
   806 | D:5      | Entered Level 5 of the Dungeon
   813 | D:5      | Reached XP level 6. HP: 41/51 MP: 6/9
  1001 | D:7      | Found a blossoming altar of Fedhas.
  1006 | D:7      | Became a worshipper of Fedhas Madash
  1077 | D:8      | Reached skill level 1 in Maces & Flails
  1118 | D:8      | Noticed Gastronok
  1131 | D:8      | Noticed a hungry ghost
  1138 | D:8      | Noticed an ice beast
  1139 | D:8      | Killed from afar by Gastronok

Skill      XL: |  1  2  3  4  5  6 |
---------------+-------------------+-----
Armour         | 2 3 |  3.5
Fighting       | 1 2 |  2.0
Short Blades   | 1 |  1.6
Dodging        | 3 |  3.5
Spellcasting   | 2 |  2.5
Conjurations   | 1 |  1.8
Maces & Flails | 1 |  1.4
Air Magic      | 3 |  3.0
Stealth        | |  2.7

Action                   |  1- 3 |  4- 6 || total
-------------------------+-------+-------++-------
Melee: Dagger            |   113 |    25 ||   138
       Unarmed           |    10 |       ||    10
       Headbutt          |    18 |    15 ||    33
       Mace              |       |    78 ||    78
 Cast: Shock             |    13 |     3 ||    16
Invok: Fungal Bloom      |       |     1 ||     1
 Abil: Heal Wounds       |       |     4 ||     4
  Use: Potion            |     7 |     2 ||     9
       Scroll            |     4 |     1 ||     5
  Eat: Ration            |       |     1 ||     1
Armor: Scale mail        |    66 |     4 ||    70
       Chain mail        |       |   105 ||   105
Dodge: Dodged            |    66 |    76 ||   142
